 Dungeon Crawl Stone Soup version 0.30-b1-2-g02819fbbbe (webtiles) character file.

Game seed: 1629594460628573541

32 Metae the Ducker (level 3, 17/30 HPs)
             Began as a Minotaur Gladiator on June 26, 2023.
             Quit the game on level 2 of the Dungeon on June 27, 2023.
             The game lasted 00:03:40 (768 turns).

Metae the Ducker (Minotaur Gladiator)                Turns: 768, Time: 00:03:41

Health: 17/30      AC:  3    Str: 20    XL:     3   Next: 10%
Magic:  2/2        EV: 12    Int:  5    God:
Gold:   65         SH:  0    Dex: 11    Spells: 2/2 levels left

rFire   . . .        a - +0 rapier
rCold   . . .        (no shield)
rNeg    . . .        b - +0 leather armour
rPois   .            c - +0 hat
rElec   .            (no cloak)
rCorr   .            (no gloves)
SInv    .            (no boots)
Will    .....        (no amulet)
Stlth   +            (no ring)
HPRegen 0.25/turn    (no ring)
MPRegen 0.08/turn

%: no passive effects
@: no status effects
A: horns 2, retaliatory headbutt
a: no special abilities


You were on level 2 of the Dungeon.
You visited 1 branch of the dungeon, and saw 2 of its levels.

You collected 65 gold pieces.

Inventory:

Hand Weapons
 a - a +0 rapier (weapon)
Missiles
 d - 3 throwing nets (quivered)
 e - a javelin
 i - 2 boomerangs
Armour
 b - a +0 leather armour (worn)
 c - a +0 hat (worn)
Scrolls
 g - a scroll of summoning {unknown}
 h - a scroll of enchant weapon {unknown}
 j - a scroll of identify {unknown}
Potions
 f - a potion of invisibility {unknown}


   Skills:
 + Level 2.9 Fighting
 + Level 3.6 Short Blades
 + Level 2.3 Throwing
 + Level 1.2 Armour
 + Level 3.6 Dodging


You had 2 spell levels left.
You didn't know any spells.
Your spell library was empty.

Dungeon Overview and Level Annotations

Branches:
Dungeon (2/15)

Altars:


Innate Abilities, Weirdness & Mutations

You have a pair of horns on your head.
You reflexively headbutt those who attack you in melee.


Message History

You hit the adder.
The adder is moderately wounded.
You feel sick. The adder misses you. The dart slug launches a dart at you.
The slug dart misses you.
You hit the adder.
The adder is severely wounded.
You feel sick.
You are no longer poisoned.
The adder misses you. You furiously retaliate!
You headbutt the adder!
You kill the adder!
You have reached level 3!
Your experience leads to an increase in your attributes!
Increase (S)trength, (I)ntelligence, or (D)exterity?
You feel stronger. x2
Found a scroll labelled CEC DOGGIC.
The dart slug bites you. The rat bites you.
You hit the dart slug.
You headbutt the dart slug, but do no damage.
The dart slug is heavily wounded.
The dart slug bites you but does no damage.
The rat bites you but does no damage.
You hit the dart slug. You headbutt the dart slug.
The dart slug is almost dead.
The rat misses you. The dart slug launches a dart at you.
The slug dart hits you but does no damage.
You hit the dart slug but do no damage.
The dart slug is almost dead.
The rat bites you but does no damage.
You hit the dart slug.
You kill the dart slug!
The rat bites you but does no damage.
Found 11 gold pieces.
The rat barely misses you.
You see here a dart slug corpse.
Found an escape hatch in the ceiling.
The rat completely misses you. You furiously retaliate!
You headbutt the rat, but do no damage. The rat closely misses you.
You hit the rat.
You kill the rat!
Are you sure you want to abandon this character and quit the game? (Confirm with "yes".)

.######<....#####.#
#.#.#.......#
####.#.#.......#
#...............
#.##.###......##
####.##.###......#
#...........######
#.##:#.######
##.##.@†.?#
#.......#.#
#..###..#.# #.
....... <.###.#.#.
... #.#.#.. #. #.#
. .. . $.# #. ...
.#


There were no monsters in sight!

Vanquished Creatures
  An adder (D:2)
  2 dart slugs
  2 bats (D:1)
  An endoplasm (D:1)
  A giant cockroach (D:1)
  2 jackals (D:1)
  3 quokkas (D:1)
  2 frilled lizards (D:1)
  3 goblins (D:1)
  2 rats (D:2)
19 creatures vanquished.

Notes
Turn   | Place    | Note
-------+----------+-------------------------------------------
     0 | D:1      | Metae the Minotaur Gladiator began the quest for the Orb.
     0 | D:1      | Reached XP level 1. HP: 18/18 MP: 0/0
   231 | D:1      | Reached XP level 2. HP: 11/25 MP: 1/1
   548 | D:1      | Reached skill level 1 in Armour
   758 | D:2      | Reached XP level 3. HP: 18/30 MP: 2/2
   768 | D:2      | Quit the game

Illustrated notes

Levels and vault maps discovered:
D:1:      nzn_arrival_depleted_hourglass, layout_basic
D:2:      minmay_wonky_spiral, layout_loops_cross

Skill      XL: |  1  2 |
---------------+-------+-----
Armour         | 1 |  1.2
Fighting       | |  2.9
Short Blades   | |  3.6
Throwing       | |  2.3
Dodging        | |  3.6

Action                     || total
---------------------------++-------
  Melee: Rapier            ||    43
         Headbutt          ||     4
 Armour: Leather armour    ||    16
  Dodge: Dodged            ||    40
